 Dungeon Crawl Stone Soup version 0.27-a0-887-gcab673c142 (webtiles) character file.

Game seed: 1679475587036600277

19800 wakim the Protected (level 12, -10/75 HPs)
             Began as a Gargoyle Fighter on Apr 3, 2021.
             Was an Elder of Cheibriados.
             Killed from afar by a hell knight (47 damage)
             ... with a bolt of fire
             ... in a volcano.
             The game lasted 00:35:55 (11515 turns).

wakim the Protected (Gargoyle Fighter)             Turns: 11515, Time: 00:35:56

Health: -10/75     AC: 19    Str: 34    XL:     12   Next: 72%
Magic:  18/18      EV: 13    Int: 20    God:    Cheibriados [****..]
Gold:   865        SH: 15    Dex: 25    Spells: 11/11 levels left

rFire    . . .     SeeInvis +   a - +0 morningstar (venom) {mace}
rCold    . . .     Faith    .   c - +1 kite shield
rNeg     + . .     Spirit   .   j - +0 acid dragon scales
rPois    ∞         Reflect  .   d - +2 hat {SInv}
rElec    +         Harm     .   (no cloak)
rCorr    +         Rampage  .   (no gloves)
Will     +....                  (no boots)
Stlth    ++........             s - amulet of regeneration {@e2}
HPRegen  1.22/turn              k - ring of willpower
MPRegen  0.16/turn              y - +6 ring of dexterity

@: studying Transmutations, very slow
A: AC +8, negative energy resistance 1, electricity resistance, torment
resistance 1, unbreathing 1, petrification resistance
a: Renounce Religion, Bend Time, Temporal Distortion, Slouch


You were in a volcano.
You worshipped Cheibriados.
Cheibriados was greatly pleased with you.
You visited 3 branches of the dungeon, and saw 15 of its levels.
You also visited: Volcano.

You collected 981 gold pieces.
You spent 116 gold pieces at shops.


Innate Abilities, Weirdness & Mutations

Your stone body is resilient. (AC +8)
You are immune to poison.
You resist negative energy. (rN+)
You are resistant to electric shocks. (rElec)
You are resistant to unholy torment.
You can survive without breathing.
You are immune to petrification.


   Skills:
 + Level 8.7 Fighting
 * Level 10.6 Maces & Flails
 + Level 3.0 Crossbows
 + Level 11.6 Armour
 + Level 3.8 Dodging
 * Level 9.6 Shields
 + Level 8.8 Invocations


You had 11 spell levels left.
You didn't know any spells.
Your spell library contained the following spells:

 Spells                   Type           Power      Damage    Failure   Level
 Corona                   Hex            0%         N/A       41%         1
 Sandblast                Erth           0%         2d4       41%         1
 Ensorcelled Hibernation  Hex/Ice        0%         N/A       54%         2
 Passwall                 Tmut/Erth      0%         N/A       54%         2
 Slow                     Hex            0%         N/A       54%         2
 Confusing Touch          Hex            0%         N/A       78%         3
 Dazzling Flash           Conj/Hex       0%         N/A       78%         3
 Inner Flame              Hex/Fire       0%         N/A       78%         3
 Portal Projectile        Hex/Tloc       0%         N/A       78%         3
 Stone Arrow              Conj/Erth      0%         3d7       78%         3
 Tukima's Dance           Hex            0%         N/A       78%         3
 Cause Fear               Hex            0%         N/A       99%         4
 Leda's Liquefaction      Hex/Erth       0%         N/A       99%         4
 Petrify                  Tmut/Erth      0%         N/A       99%         4
 Lee's Rapid Deconstruct  Erth           0%         3d5*      100%        5

Inventory:

Hand Weapons
 a - a +0 morningstar of venom (weapon) {mace}
   (You bought it in a shop on level 7 of the Dungeon)
 b - a +0 hand crossbow {crossbow}
   (You bought it in a shop on level 9 of the Dungeon)
 r - a +0 arbalest of flaming {crossbow}
   (You found it in a volcano)
 z - a +2 fustibalus of flaming {sling}
   (You found it in a volcano)
 B - a +1 shortbow of flaming {bow}
   (You took it off a centaur warrior in a volcano)
Missiles
 g - 6 javelins (quivered) {throwing}
 l - 2 throwing nets {=f!fthrowing}
 m - 85 bolts
Armour
 c - a +1 kite shield (worn)
 d - a +2 hat of see invisible (worn)
   (You took it off Gastronok on level 1 of the Lair of Beasts)
 j - +0 acid dragon scales (worn)
   (You found it on level 10 of the Dungeon)
 t - a +1 scale mail of fire resistance
   (You found it in a volcano)
Magical Staves
 i - a staff of death {!astaff}
   (You found it on level 1 of the Lair of Beasts)
Jewellery
 k - a ring of willpower (left hand)
   (You found it on level 1 of the Dungeon)
 n - an amulet of faith {!P}
   (You found it on level 4 of the Dungeon)
 s - an amulet of regeneration (around neck) {@e2}
   (You found it on level 6 of the Dungeon)
 w - a ring of see invisible
   (You found it on level 10 of the Dungeon)
 y - a +6 ring of dexterity (right hand)
   (You found it on level 9 of the Dungeon)
Wands
 v - a wand of flame (30)
   (You found it on level 7 of the Dungeon)
 x - a wand of iceblast (14)
   (You found it on level 6 of the Dungeon)
Scrolls
 h - 2 scrolls of enchant armour
 u - 3 scrolls of torment {!r}
 R - 3 scrolls of magic mapping {!r}
 T - 3 scrolls of teleportation {@r4}
 X - 3 scrolls of fog
 Y - a scroll of blinking {!r}
Potions
 e - a potion of mutation {unknown}
 f - a potion of attraction {unknown}
 o - 2 potions of haste {unknown}
 p - a potion of flight {unknown}
 q - a potion of resistance {unknown}
 A - 3 potions of ambrosia
 C - a potion of berserk rage {forbidden!q}
 F - 5 potions of curing {@q1}
 J - a potion of heal wounds {@q2}
 K - 2 potions of magic
 L - 2 potions of lignification {!q}
 N - 2 potions of might

Dungeon Overview and Level Annotations

Branches:
Dungeon (13/15)            Temple (1/1) D:7            Lair (1/6) D:9
    Orc (0/2) D:10        Volcano (1/1)
 Vaults: D:13-14

Altars:
Ashenzari
Cheibriados
Dithmenos
Elyvilon
Fedhas
Gozag
Hepliaklqana
Kikubaaqudgha
Makhleb
Nemelex Xobeh
Okawaru
Qazlal
Ru
Sif Muna
Trog
Uskayaw
Vehumet
Wu Jian
Xom
Yredelemnul
Zin
The Shining One

Shops:
D:5 :   D:7 *   D:9 (   D:11 *

Annotations:
D:9 2 transporters, Lanoc's ghost, novice DDFi

#§§### ##§§§≈## ##≈≈≈§§≈## #
#≈§§§!.≈≈# ### ##.$[![.. ##≈§
#...!... #≈§§ #.$.∩cp# ##☼§§
######### ###@##### #####≈≈≈§
#.......######.....#..###..######
........)(##................#..#.
(...∩.##.#.......≈≈≈§≈§§§........
≈..≈≈######...§.≈≈§≈§≈≈§≈≈≈....##
≈.≈≈## #....≈≈≈≈§§§≈≈§≈≈≈....#
≈≈§## ##....§§≈§§≈≈≈≈≈≈≈....#
☼☼## #....≈§≈§≈≈≈≈≈§§.....## #○#
#.....≈§≈§≈≈§≈≈≈....##


You could see a hell knight (very poisoned) and a centaur.


Message History

You take 2 damage, and now have 73/75 hp.
The centaur shoots an arrow.
The arrow completely misses you.
The centaur shoots an arrow.
The arrow hits you but does no damage.
The centaur shoots an arrow.
You block the arrow. 😎 HP[+2]
Your hp is fully restored (75).
The centaur unwields a +0 shortbow of flaming.
It stops flaming.
You block the centaur's attack. x3
The centaur kicks you but does no damage.
The centaur barely misses you. The centaur closely misses you.
Found four items.
Found a rocky tunnel leading out of this place.
Items here: $ (( )) †. 😎 MP[+1]
You hit the centaur but do no damage.
The centaur is poisoned.
The centaur hits you but does no damage.
You block the centaur's attack.
You puncture the centaur!
The centaur looks even sicker.
You block the centaur's attack.
The centaur kicks you but does no damage.
The centaur hits you but does no damage.
The centaur completely misses you.
You sock the centaur!
You kill the centaur!
Cheibriados thoroughly appreciates the change of pace.
Things that are here:
a +0 shortbow of flaming {bow}; 16 arrows You now have 826 gold pieces (gained 11).
m - 85 bolts (gained 17)
Items here: ( )) †. 😎 MP[+1]
Your mp is fully restored (18).
Things that are here:
a +0 shortbow of flaming {bow}; 16 arrows You now have 850 gold pieces (gained 24).
You now have 865 gold pieces (gained 15).
You see here a +0 arbalest of flaming {crossbow}.
r - a +0 arbalest of flaming {crossbow} You see here a +1 scale mail of fire resistance.
t - a +1 scale mail of fire resistance
C - a potion of berserk rage {forbidden!q} You see here a +2 fustibalus of flaming {sling}.
z - a +2 fustibalus of flaming {sling}
Things that are here:
a +0 shortbow of flaming {bow}; 16 arrows
Items here: ( )) †.
B - a +1 shortbow of flaming {bow}
Things that are here:
a +0 shortbow of flaming {bow}; 16 arrows
There is a rocky tunnel leading out of this place here.
The air gets thick with the scent of sulphur.
In the distance, the volcano erupts with a roar.
Things that are here:
a +0 shortbow of flaming {bow}; 16 arrows
Things that are here:
19 arrows; a +0 arbalest of flaming {crossbow}; a centaur corpse
Found a ring mail of fire resistance.
A centaur and a hell knight come into view.
The hell knight is wielding a +2 flail of flaming and wearing a +0 chain mail of fire resistance.
The centaur is wielding a +1 shortbow of flaming.
The hell knight shouts!
The centaur shouts!
The centaur shoots an arrow.
The arrow hits you but does no damage.
The centaur shoots an arrow.
The arrow hits you but does no damage. The hell knight casts a spell at you.
The bolt of fire hits you!!
The centaur shoots an arrow.
You block the arrow.
Found six items.
Found a rocky tunnel leading out of this place. 😮 HP[-31]
You take 31 damage, and now have 44/75 hp.
MASSIVE DAMAGE!! (PAUSE)
Press: ? - help, v - describe, . - travel
Here: a hell knight, wielding a +2 flail of flaming and wearing a +0 chain mail of fire resistance The floor.
Okay, then.
Okay, then.
The centaur shoots an arrow.
You block the arrow.
The centaur shoots an arrow.
You block the arrow. 😮 HP[+2]
You regained 2 hp, and now have 46/75 hp. 😮 HP[+2]
You regained 2 hp, and now have 48/75 hp. 😮 HP[+1]
The centaur unwields a +1 shortbow of flaming.
It stops flaming.
The centaur closely misses you. The centaur misses you. 😮 HP[+2]
You regained 2 hp, and now have 51/75 hp.
You barely miss the hell knight. The centaur hits you.
You block the centaur's attack.
The hell knight hits you with a +2 flail of flaming!
The hell knight burns you.
* * * LOW HITPOINT WARNING * * *
The centaur hits you but does no damage.
The centaur kicks you but does no damage. 😨 HP[-16]
You take 16 damage, and now have 35/75 hp.
MASSIVE DAMAGE!! (PAUSE)
You hit the hell knight.
The hell knight is poisoned.
The hell knight gestures at you while chanting.
The bolt of fire hits you!!!
Ouch! That really hurt!
You die...

Skill      XL: |  1  2  3  4  5  6  7  8  9 10 11 12 |
---------------+-------------------------------------+-----
Armour         | 4 5 6 7 9 10 11 | 11.6
Maces & Flails | 3 4 5 6 7 9 10 | 10.6
Shields        | 4 5 6 7 8 9 |  9.6
Invocations    | 1 2 3 4 6 7 8 |  8.8
Fighting       | 4 5 6 7 8 |  8.7
Dodging        | 2 3 |  3.8
Crossbows      | 1 3 |  3.0

Action                   |  1- 3 |  4- 6 |  7- 9 | 10-12 || total
-------------------------+-------+-------+-------+-------++-------
Melee: Flail             |   165 |   120 |   254 |       ||   539
       Morningstar       |       |       |    57 |   433 ||   490
 Fire: Hunting sling     |       |     4 |    18 |     9 ||    31
       Hand crossbow     |       |       |       |    28 ||    28
Invok: Bend Time         |       |       |     4 |     9 ||    13
       Temporal Distorti |       |       |     2 |     8 ||    10
       Slouch            |       |       |       |     2 ||     2
  Use: Scroll            |     3 |     2 |     6 |     7 ||    18
       Potion            |       |       |     2 |     2 ||     4
 Stab: Sleeping          |       |       |       |     1 ||     1
Armor: Scale mail        |   114 |    79 |   211 |   139 ||   543
       Acid dragon scale |       |       |       |    39 ||    39
Dodge: Dodged            |    45 |    52 |   150 |   189 ||   436
Block: Kite shield       |    95 |    87 |   267 |   393 ||   842

Levels and vault maps discovered:
D:1:      minmay_arrival_hallway, layout_basic,
          chequers_ecumenical_altar_twisty, serial_bayou_pond_a,
          wad_woods_river_04, minmay_split_cup_small
D:2:      layout_loops_cross, basic_altar, serial_glass, glass_columns_c,
          glass_columns_c, glass_columns_a, glass_columns_a
D:3:      minmay_angry_zag, layout_basic, lemuel_doored_altar
D:4:      layout_cave_pools, cheibrodos_ashenzari_chains, grunt_ministairs_5,
          uniq_grinder
D:5:      gammafunk_wand_slinger, layout_basic, kennysheep_mini, serial_shops,
          shop, minmay_misc_feat_square
D:6:      layout_cave_pools, minmay_crystal_room
D:7:      cheibrodos_grave_circle, layout_basic,
          minmay_temple_entry_stoned_glass, minivault_25, guppyfry_shop_venom
D:8:      layout_loops_ring, nicolae_overflow_crystal_walls,
          grunt_temple_overflow_diamond, minmay_manual_monolith
D:9:      layout_irregular_city, okawaru_gym_becter, minmay_lair_entry_grove,
          gammafunk_ghost_stat_death, serial_shops, shop, uniq_erolcha
D:10:     layout_basic, elyvilon_altar_4, david_orc_4
D:11:     layout_gridville, serial_shops, shop_statue
D:12:     layout_gridville, solitary_fountain, grunt_ministairs_1,
          minmay_diamond_spiral
D:13:     layout_small_grid, lightli_vaults_fourway_checkpoint,
          minmay_misc_feat_x, minmay_guarded_unrand_variability, uniq_frances
Temple:   oiseaux_autumnal_temple
Lair:1:   layout_regular_city, nicolae_volcano_entry_lava_flow, minivault_24,
          hibernation_bobbens, uniq_nergalle, uniq_gastronok, uniq_urug
Volcano:  volcano_pools

Notes
Turn   | Place    | Note
-------+----------+-------------------------------------------
     0 | D:1      | wakim the Gargoyle Fighter began the quest for the Orb.
     0 | D:1      | Reached XP level 1. HP: 14/14 MP: 1/1
     0 | D:1      | magus.rc [v1.9.6]
   134 | D:1      | Reached XP level 2. HP: 19/19 MP: 2/2
   654 | D:1      | Found a faded altar of an unknown god.
   656 | D:1      | Became a worshipper of Cheibriados the Contemplative
   656 | D:1      | Reached * piety under Cheibriados
   893 | D:1      | Reached XP level 3. HP: 23/23 MP: 3/3
  1437 | D:2      | Found a hazy altar of Hepliaklqana.
  2243 | D:3      | Reached skill level 4 in Armour
  2298 | D:3      | Reached XP level 4. HP: 28/28 MP: 4/4
  2318 | D:3      | Reached ** piety under Cheibriados
  2395 | D:3      | Noticed a necrophage
  2409 | D:3      | Killed a necrophage
  2410 | D:3      | Reached skill level 3 in Maces & Flails
  2410 | D:3      | Reached skill level 4 in Shields
  2410 | D:3      | Reached skill level 1 in Invocations
  2410 | D:3      | Reached XP level 5. HP: 25/33 MP: 5/5
  2876 | D:3      | Found a glowing golden altar of the Shining One.
  2990 | D:3      | Reached skill level 4 in Fighting
  3106 | D:4      | Noticed a centaur
  3118 | D:4      | Killed a centaur
  3119 | D:4      | Reached XP level 6. HP: 29/38 MP: 7/7
  3229 | D:4      | Reached *** piety under Cheibriados
  3230 | D:4      | Reached skill level 2 in Invocations
  3231 | D:4      | Reached skill level 5 in Armour
  3379 | D:4      | Reached skill level 4 in Maces & Flails
  3423 | D:4      | Reached XP level 7. HP: 23/44 MP: 8/8
  3653 | D:4      | Noticed Grinder
  3674 | D:4      | Killed Grinder
  3816 | D:4      | Found a broken altar of Ashenzari.
  4114 | D:5      | Entered Level 5 of the Dungeon
  4139 | D:5      | Found Gesikowa's Book Boutique.
  4163 | D:5      | Reached skill level 3 in Invocations
  4290 | D:5      | Reached skill level 6 in Armour
  4376 | D:5      | Reached skill level 5 in Maces & Flails
  4376 | D:5      | Reached skill level 5 in Shields
  4376 | D:5      | Reached XP level 8. HP: 47/48 MP: 10/10
  4400 | D:5      | You pick up a book of Maledictions and begin reading...
  4400 | D:5      | You add the spells Corona, Ensorcelled Hibernation,
                  | Confusing Touch, Tukima's Dance and Dazzling Flash to your
                  | library.
  4455 | D:5      | Reached skill level 5 in Fighting
  4517 | D:5      | Found a transporter.
  4549 | D:5      | Found a transporter.
  4735 | D:5      | Reached **** piety under Cheibriados
  4970 | D:5      | Found a glowing silver altar of Zin.
  5155 | D:5      | Reached skill level 7 in Armour
  5575 | D:5      | Reached skill level 6 in Maces & Flails
  5770 | D:5      | Reached XP level 9. HP: 35/55 MP: 7/11
  5990 | D:6      | Reached skill level 6 in Shields
  6033 | D:6      | Reached skill level 6 in Fighting
  6199 | D:6      | Reached skill level 8 in Armour
  6457 | D:7      | Found a staircase to the Ecumenical Temple.
  6469 | Temple   | Entered the Ecumenical Temple
  6725 | D:7      | Reached skill level 7 in Maces & Flails
  6763 | D:7      | Noticed a hornet
  6777 | D:7      | Killed a hornet
  6781 | D:7      | Reached skill level 4 in Invocations
  6867 | D:7      | Found Nyuzxyugg's Serpentskin Sales.
  6876 | D:7      | Bought a +0 morningstar of venom for 74 gold pieces
  7037 | D:7      | Reached skill level 9 in Armour
  7037 | D:7      | Reached XP level 10. HP: 55/61 MP: 13/13
  7045 | D:7      | Reached skill level 8 in Maces & Flails
  7045 | D:7      | Reached skill level 7 in Shields
  7067 | D:7      | Reached ***** piety under Cheibriados
  7098 | D:7      | Reached skill level 7 in Fighting
  7098 | D:7      | Reached skill level 5 in Invocations
  7119 | D:7      | Reached skill level 1 in Dodging
  7817 | D:8      | Killed an unseen horror
  7825 | D:8      | Reached skill level 10 in Armour
  7825 | D:8      | Reached skill level 6 in Invocations
  8015 | D:8      | Noticed a centaur warrior
  8021 | D:8      | Killed a centaur warrior
  8022 | D:8      | Reached skill level 9 in Maces & Flails
  8022 | D:8      | Reached skill level 2 in Dodging
  8022 | D:8      | Reached XP level 11. HP: 64/67 MP: 11/15
  8177 | D:8      | Found a basalt altar of Yredelemnul.
  8400 | D:8      | Found a snail-covered altar of Cheibriados.
  8403 | D:8      | Found a radiant altar of Vehumet.
  8406 | D:8      | Found an ancient bone altar of Kikubaaqudgha.
  8595 | D:9      | Found a transporter.
  8603 | D:9      | Noticed Lanoc's ghost (novice DDFi)
  8670 | D:9      | Reached skill level 8 in Shields
  8670 | D:9      | Reached skill level 7 in Invocations
  8716 | D:9      | Found a staircase to the Lair.
  8773 | D:9      | Found a transporter.
  8788 | D:9      | Found Deujusiu's Weapon Boutique.
  8797 | D:9      | Bought a +0 hand crossbow for 42 gold pieces
  8855 | D:9      | Found an iron altar of Okawaru.
  8982 | D:9      | Noticed Erolcha
  8991 | D:9      | Killed Erolcha
  8992 | D:9      | Reached skill level 8 in Fighting
  9591 | D:10     | Entered Level 10 of the Dungeon
  9684 | D:10     | You pick up a book of Debilitation and begin reading...
  9684 | D:10     | You add the spells Slow, Inner Flame, Portal Projectile,
                  | Cause Fear and Leda's Liquefaction to your library.
  9786 | D:10     | Found a white marble altar of Elyvilon.
  9840 | D:10     | Reached skill level 1 in Crossbows
 10134 | D:10     | Reached skill level 3 in Dodging
 10221 | D:10     | Found a staircase to the Orcish Mines.
 10328 | D:10     | You fall into a shaft and drop 3 floors!
 10332 | D:12     | Noticed a two-headed ogre
 10332 | D:12     | Noticed a manticore
 10337 | D:12     | Killed a two-headed ogre
 10338 | D:12     | Reached skill level 11 in Armour
 10338 | D:12     | Killed a manticore
 10339 | D:12     | Reached skill level 10 in Maces & Flails
 10339 | D:12     | Reached XP level 12. HP: 29/74 MP: 8/17
 10399 | D:11     | You pick up a book of Geomancy and begin reading...
 10399 | D:11     | You add the spells Sandblast, Passwall, Stone Arrow,
                  | Petrify and Lee's Rapid Deconstruction to your library.
 10693 | D:11     | Noticed a two-headed ogre
 10699 | D:11     | Killed a two-headed ogre
 10700 | D:11     | Reached skill level 8 in Invocations
 10854 | D:11     | Reached skill level 2 in Crossbows
 10887 | D:11     | Noticed a death knight
 10895 | D:11     | HP: 17/75 [phantasmal warrior[a death knight] (15)]
 10896 | D:11     | Found Ucuv Gokh's General Store.
 11056 | Lair:1   | Entered Level 1 of the Lair of Beasts
 11059 | Lair:1   | Noticed Gastronok
 11082 | D:9      | Reached skill level 9 in Shields
 11132 | Lair:1   | HP: 7/75 [Gastronok (25)]
 11140 | Lair:1   | Killed Gastronok
 11275 | Lair:1   | Noticed Nergalle
 11290 | Lair:1   | Killed Nergalle
 11308 | Lair:1   | Noticed Urug
 11322 | Lair:1   | Killed Urug
 11344 | Lair:1   | Found a dark tunnel.
 11357 | Volcano  | Entered a volcano
 11447 | Volcano  | Noticed a centaur warrior
 11457 | Volcano  | Killed a centaur warrior
 11458 | Volcano  | Reached skill level 3 in Crossbows
 11509 | Volcano  | Noticed a hell knight
 11515 | Volcano  | Killed from afar by a hell knight

Vanquished Creatures
  Gastronok (Lair:1)
  Erolcha (D:9)
  2 centaur warriors
  Urug (Lair:1)
  2 two-headed ogres
  Nergalle (Lair:1)
  A manticore (D:12)
  5 centaur zombies (D:7)
  An unseen horror (D:8)
  2 cane toads (Lair:1)
  A kobold demonologist (D:10)
  A yaktaur (Volcano)
  2 hellwings (D:7)
  A troll (D:8)
  Grinder (D:4)
  A hornet (D:7)
  A wraith (D:11)
  A shadow (D:8)
  4 wyverns
  20 yaks
  2 basilisks (D:9)
  An acid dragon (D:10)
  5 water moccasins
  2 sky beasts
  4 orc warriors (D:10)
  3 black bears (D:5)
  An ice beast (D:8)
  2 ogres
  A necrophage (D:3)
  A phantom (D:5)
  9 centaurs
  2 kobold brigands
  A wyvern zombie (D:6)
  A gnoll sergeant (D:9)
  4 scorpions
  3 killer bees (D:5)
  3 wights (D:9)
  6 howler monkeys
  6 electric eels (D:10)
  A bullfrog skeleton (D:6)
  A hound (D:6)
  A gnoll shaman (D:5)
  4 jellies
  4 orc priests
  6 centaur skeletons
  3 iguanas
  5 orc wizards
  A killer bee zombie (D:4)
  A howler monkey zombie (D:7)
  6 gnolls
  9 adders
  8 shadow imps
  An ufetubus (D:4)
  A worm (D:4)
  2 dart slugs
  25 orcs
  6 ball pythons
  4 bats (D:1)
  10 endoplasms
  8 giant cockroaches
  8 goblins
  5 hobgoblins
  9 jackals
  13 kobolds
  A quokka (D:4)
  3 frilled lizards
  4 rats (D:3)
257 creatures vanquished.

Vanquished Creatures (others)
  4 fungi (D:9)
  5 plants (D:9)
  6 withered plants (D:7)
15 creatures vanquished.

Grand Total: 272 creatures vanquished

Table legend:
 A = Non-vault XP
 B = Vault XP
 C = Vault XP percentage of total XP
 D = Non-vault monster count
 E = Vault monster count
 F = Vault count percentage of total count
                 A         B        C        D         E       F
            +---------+---------+-------+---------+---------+-------
      Total |   11338 |   16949 |  59.9 |     177 |      80 |  31.1
            +---------+---------+-------+---------+---------+-------
        D:1 |      45 |       6 |  11.8 |      23 |       3 |  11.5
        D:2 |      14 |       0 |   0.0 |       8 |       0 |   0.0
        D:3 |     190 |      19 |   9.1 |      18 |       5 |  21.7
        D:4 |     398 |     288 |  42.0 |      22 |       6 |  21.4
        D:5 |    1306 |      73 |   5.3 |      21 |       4 |  16.0
        D:6 |     675 |       0 |   0.0 |      12 |       0 |   0.0
        D:7 |    1042 |    3924 |  79.0 |      21 |      15 |  41.7
        D:8 |    1137 |    1805 |  61.4 |      11 |       6 |  35.3
        D:9 |    2316 |    2989 |  56.3 |      21 |      13 |  38.2
       D:10 |    1169 |     751 |  39.1 |      10 |      18 |  64.3
       D:11 |    1916 |       0 |   0.0 |       6 |       0 |   0.0
       D:12 |       0 |    1405 | 100.0 |       0 |       2 | 100.0
     Lair:1 |    1130 |    4040 |  78.1 |       4 |       3 |  42.9
    Volcano |       0 |    1649 | 100.0 |       0 |       5 | 100.0
            +---------+---------+-------+---------+---------+-------

Illustrated notes

Table legend:
 A = Kills in this place as a percentage of kills in entire the game.
 B = Kills by you in this place as a percentage of kills by you in the entire game.
 C = Kills by friends in this place as a percentage of kills by friends in the entire game.
 D = Other kills in this place as a percentage of other kills in the entire game.
 E = Experience gained in this place as a percentage of experience gained in the entire game.
 F = Experience gained in this place divided by the number of levels of this place that you have seen.
                   A       B       C       D       E      F
               +-------+-------+-------+-------+-------+----------------------
         Total | 100.0 | 100.0 |   N/A |   N/A | 100.0 | 1767.9
       Dungeon |  95.3 |  95.3 |   N/A |   N/A |  75.9 | 1651.4
          Lair |   2.7 |   2.7 |   N/A |   N/A |  18.3 | 5170.0
       Volcano |   1.9 |   1.9 |   N/A |   N/A |   5.8 | 1649.0
               +-------+-------+-------+-------+-------+----------------------

Table legend: (Time is in decaauts)
 A = Elapsed time spent in this place.
 B = Non-inter-level travel time spent in this place.
 C = Inter-level travel time spent in this place.
 D = Time resting spent in this place.
 E = Time spent auto-exploring this place.
 F = Levels seen in this place.
 G = Mean time per level.
                   A        B        C        D        E       F      G
               +--------+--------+--------+--------+--------+-----+--------+
         Total |  16778 |  15815 |    963 |    543 |  12009 |  16 | 1048.6 |
       Dungeon |  15703 |  14757 |    946 |    499 |  11299 |  13 | 1207.9 |
        Temple |    435 |    418 |     17 |      0 |    416 |   1 |  435.0 |
          Lair |    381 |    381 |      0 |     43 |    146 |   1 |  381.0 |
       Volcano |    259 |    259 |      0 |      0 |    146 |   1 |  259.0 |
               +--------+--------+--------+--------+--------+-----+--------+

Top non-repeatable levels by time:
     D:5: 2515 daAuts
     D:1: 1742 daAuts
     D:7: 1713 daAuts
     D:8: 1468 daAuts
    D:10: 1432 daAuts
     D:9: 1410 daAuts
     D:4: 1404 daAuts
     D:3: 1222 daAuts
     D:2: 1023 daAuts
     D:6: 961 daAuts
    D:11: 743 daAuts
  Temple: 435 daAuts
  Lair:1: 381 daAuts
 Volcano: 259 daAuts
    D:12: 60 daAuts
